 Dungeon Crawl Stone Soup version 0.16-a0-3300-g0332368 (webtiles) character file.

214 PolkaDot the Sneak (level 5, -9/42 HPs)
             Began as a Vampire Summoner on Dec 25, 2014.
             Mangled by an orc priest
             ... wielding a +0 mace
              (11 damage)
             ... on level 4 of the Dungeon.
             The game lasted 00:09:33 (2810 turns).

PolkaDot the Sneak (Vampire Summoner)               Turns: 2810, Time: 00:09:33

Health: -9/42      AC:  2    Str:  7    XL:     5   Next: 59%
Magic:  2/9        EV: 12    Int: 18    God:
Gold:   119        SH:  0    Dex: 14    Spells: 3 memorised, 2 levels left

rFire  . . .     SeeInvis +     h - +0 short sword
rCold  . . .     Clarity  .     w - +0 robe (curse)
rNeg   . . .     SustAb   .     (no shield)
rPois  .         Gourm    .     (no helmet)
rElec  .         Spirit   .     (no cloak)
rCorr  .         Warding  .     (no gloves)
rMut   .         Stasis   .     (no boots)
MR     .....                    k - amulet of rage
Stlth  +++.......               (no ring)
                                (no ring)

@: lethally poisoned, regenerating quickly, not resistant to hostile
enchantments, fairly stealthy
A: bottle blood, fangs 3, see invisible, unbreathing
a: Evoke Berserk Rage


You were on level 4 of the Dungeon.
You were very full.

You visited 1 branch of the dungeon, and saw 4 of its levels.

You collected 119 gold pieces.

Inventory:

Hand weapons
 h - a +0 short sword (weapon)
Armour
 w - a cursed +0 robe (worn)
Jewellery
 k - an amulet of rage (around neck)
Magical devices
 p - a wand of confusion (19)
Scrolls
 c - a scroll of blinking
 e - a scroll of identify {unknown}
 g - 2 scrolls of remove curse {unknown}
 i - a scroll of noise {unknown}
 j - 2 scrolls of magic mapping {unknown}
 l - a scroll of immolation {unknown}
 n - a scroll of amnesia {unknown}
 o - 2 scrolls of teleportation {unknown}
 r - a scroll of enchant weapon {unknown}
Potions
 d - 9 potions of blood {@*1}
 f - 2 potions of brilliance {unknown}
 m - 2 potions of heal wounds {unknown}
 q - a potion of degeneration {unknown}
 s - a potion of lignification {unknown}
 t - a potion of flight {unknown}
 u - 2 potions of haste {unknown}
Books
 b - a book of Callings

   Spells                             Type                      Level
   a - Summon Small Mammal            Summoning                    1
   b - Call Imp                       Summoning                    2
   c - Call Canine Familiar           Summoning                    3
   d - Summon Guardian Golem          Hexes/Summoning              4
   e - Summon Lightning Spire         Summoning/Air                4
   f - Summon Ice Beast               Ice/Summoning                4


   Skills:
 * Level 4.0 Fighting
 - Level 2.1 Dodging
 - Level 4.6 Stealth
 - Level 2.0 Spellcasting
 + Level 4.5 Summonings
 + Level 0.2 Evocations


You had 2 spell levels left.
You knew the following spells:

 Your Spells              Type           Power        Failure   Level  Hunger
d - Call Canine Familiar  Summ           ###.....     10%         3    ###....
s - Call Imp              Summ           ###.....     4%          2    ###....
z - Summon Small Mammal   Summ           ###.         2%          1    #......


Dungeon Overview and Level Annotations

Branches:
Dungeon (4/15)
 Temple: D:4-7

Altars:
Fedhas
Nemelex Xobeh
Vehumet


Innate Abilities, Weirdness & Mutations

Your natural rate of healing is unusually fast.
You can bottle blood from corpses.
You have razor-sharp teeth.
You have supernaturally acute eyesight.
You can survive without breathing.


Message History

Your hound bites the orc.
The orc closely misses you. The orc misses you.
The orc priest invokes the aid of Beogh against you.
Pain shoots through your body!
* * * LOW HITPOINT WARNING * * *
The orc priest hits you with a mace!
* * * LOW HITPOINT WARNING * * *
Your crimson imp hits the orc.
Your hound completely misses the orc.
Drink which item? (? for menu, Esc to quit)
Okay, then.
Use which ability? (? or * to list)
You fail to use your ability.
The orc hits you with a dagger of venom.
* * * LOW HITPOINT WARNING * * *
You are poisoned.
The orc hits you with a short sword.
* * * LOW HITPOINT WARNING * * *
Your hound bites the orc.
The orc dies!
Your crimson imp misses the orc.
The orc priest hits you with a mace!
You die...

## #.
#####.#####
#.........#
##.....5...#
.......o@o.#
##.....5o).#
#.......h.#
#..........#
#..........#
..........#
.........#
#######.#


You could see 2 orc priests, an orc, a friendly hound, a friendly crimson imp
and a friendly white imp.

Vanquished Creatures
  Jessica (D:3)
  6 adders
  4 worms
  A giant gecko (D:1)
  An ooze (D:2)
  An orc (D:4)
  A ball python (D:1)
  11 bats
  5 hobgoblins
  9 jackals
  5 giant newts
  9 goblins
  3 kobolds
  A quokka (D:3)
  10 rats
68 creatures vanquished.

Vanquished Creatures (collateral kills)
  The ghost of Tolias the Cudgeler, an average OpCK of Xom (D:3)
  An adder (D:3)
  A giant gecko (D:1)
  An orc (D:4)
  A hobgoblin (D:3)
  A kobold (D:1)
  A goblin (D:1)
  A rat (D:3)
8 creatures vanquished.

Grand Total: 76 creatures vanquished

Notes
Turn   | Place    | Note
--------------------------------------------------------------
     0 | D:1      | PolkaDot, the Vampire Summoner, began the quest for the Orb.
     0 | D:1      | Reached XP level 1. HP: 13/13 MP: 3/3
    71 | D:1      | Reached skill level 1 in Fighting
   256 | D:1      | Reached XP level 2. HP: 9/21 MP: 4/4
   814 | D:1      | Learned a level 2 spell: Call Imp
   827 | D:1      | Reached XP level 3. HP: 26/28 MP: 0/6
   832 | D:1      | Learned a level 3 spell: Call Canine Familiar
  1026 | D:2      | Found a blossoming altar of Fedhas.
  1567 | D:3      | Reached XP level 4. HP: 35/35 MP: 0/7
  2037 | D:3      | Noticed Tolias' ghost (average OpCK)
  2040 | D:3      | Found a sparkling altar of Nemelex Xobeh.
  2042 | D:3      | Noticed Jessica
  2062 | D:3      | Killed Jessica
  2190 | D:3      | Killed Tolias' ghost
  2190 | D:3      | Reached XP level 5. HP: 35/42 MP: 0/9
  2207 | D:3      | Found a radiant altar of Vehumet.
  2810 | D:4      | HP: 2/42 [orc/short sword (2)]
  2810 | D:4      | Mangled by an orc priest

Action                   |  1- 3 |  4- 6 || total
-------------------------+-------+-------++-------
Melee: Unarmed           |    38 |       ||    38
       Short sword       |   120 |    90 ||   210
       Dagger            |    16 |       ||    16
 Cast: Summon Small Mamm |     7 |       ||     7
       Call Imp          |     6 |    12 ||    18
       Call Canine Famil |       |     4 ||     4
 Abil: Evoke Berserk Rag |     2 |     1 ||     3
  Use: Potion            |     7 |    10 ||    17
       Scroll            |       |     1 ||     1
 Stab: Distracted        |     1 |     2 ||     3
       Sleeping          |     1 |     1 ||     2
  Eat: Corpse            |     7 |       ||     7
